[Event "25th Troya Open 2017"]
[Site "Canakkale"]
[Date "2017.08.09"]
[Round "5.5"]
[White "Aliyev, Elnur"]
[Black "Unlu, Alp Bugra"]
[Result "1-0"]
[ECO "A15"]
[WhiteElo "2150"]
[BlackElo "1868"]
[Annotator "RC"]
[PlyCount "113"]
[EventCountry "TUR"]
[SourceTitle "playchess.com"]
[Source "ChessBase"]
[SourceQuality "1"]
[TimeControl "5400+30"]

1. Nf3 Nf6 2. g3 g6 3. b3 Bg7 4. Bb2 b6 5. Bg2 Bb7 6. O-O d6 7. d4 O-O 8. c4 Nbd7 9. Qc2 Re8 10. d5 e6 11. dxe6 fxe6 12. Nc3 Ng4 13. Bh3 Nde5 14. Nxe5 Nxe5 15. Nb5 Qd7 16. Rad1 a6 17. Nc3 Qf7 18. f4 Nd7 19. e3 Rad8 20. Bg2 Bxg2 21. Qxg2 Nf6 22. e4 Qe7 23. Qe2 e5 24. f5 g5 25. Qd2 h6 26. Nd5 Qf7 27. Nxf6+ Bxf6 28. Qd5 Kg7 29. a4 a5 30. Bc3 Qd7 31. Rf3 Ra8 32. Rfd3 Rab8 33. Be1 Red8 34. Bf2 Qe8 35. R3d2 Kf8 36. Be3 Qf7 37. Kf2 Qxd5 38. cxd5 Ke7 39. Rc2 Kd7 40. Rdc1 Rdc8 41. Bd2 Ra8 42. Ke2 Ra7 43. Kd3 h5 44. Kc4 Raa8 45. Kb5 Ra7 46. Be3 Raa8 47. h4 gxh4 48. gxh4 Bxh4 49. Rh1 Bf6 50. Rxh5 Rh8 51. Rch2 Rxh5 52. Rxh5 Rg8 53. Rh7+ Kc8 54. Kc6 Bd8 55. f6 Rg3 56. f7 Rf3 57. Rh8 1-0

[Event "25th Troya Open 2017"]
[Site "Canakkale"]
[Date "2017.08.09"]
[Round "5.6"]
[White "Kuruz, Yusuf"]
[Black "Alaz, Ahmet Efekan"]
[Result "1/2-1/2"]
[ECO "B07"]
[WhiteElo "1903"]
[BlackElo "2048"]
[Annotator "NA RC"]
[PlyCount "35"]
[EventCountry "TUR"]
[SourceTitle "playchess.com"]
[Source "ChessBase"]
[SourceQuality "1"]
[TimeControl "5400+30"]

1. e4 d6 2. Nc3 Nf6 3. Nf3 Nbd7 4. Bc4 h6 5. d3 e5 6. h3 Be7 7. Be3 c6 8. a4 a5 9. O-O Nf8 10. d4 Qc7 11. Bb3 g5 12. dxe5 dxe5 13. Nd2 Ng6 14. Nc4 $14 Be6 15. Bb6 Qc8 16. Nd6+ Bxd6 17. Qxd6 Bxb3 18. cxb3 1/2-1/2

[Event "25th Troya Open 2017"]
[Site "Canakkale"]
[Date "2017.08.09"]
[Round "5.7"]
[White "Maden, Mirac Kerem"]
[Black "Yerden, Huseyin Eren"]
[Result "0-1"]
[ECO "E15"]
[WhiteElo "2014"]
[BlackElo "1816"]
[Annotator "NA RC"]
[PlyCount "164"]
[EventCountry "TUR"]
[SourceTitle "playchess.com"]
[Source "ChessBase"]
[SourceQuality "1"]
[TimeControl "5400+30"]

1. d4 Nf6 2. Nf3 e6 3. c4 b6 4. g3 Ba6 5. Qa4 Bb7 6. Bg2 c5 7. e3 Be7 8. O-O O-O 9. Rd1 d5 10. Ne5 Qc7 11. Nc3 a6 12. cxd5 exd5 (12... b5 $5 13. Qb3 exd5 $11) 13. Qc2 b5 14. Qf5 b4 15. Ne2 c4 16. Nf4 g6 17. Qh3 Rd8 18. e4 {[%emt 0:05:30] [#]} (18. Bd2 $11) 18... dxe4 $2 {[%emt 0:08:30] [#]} (18... Bc8 $1 $17 {[%cal Rc8h3] and life is bright.} 19. Qh6 dxe4 20. Nfxg6 fxg6 21. Nxg6 Bd6) 19. Ne6 $1 fxe6 (19... Qxe5 $16 {was worth a try.} 20. Nxd8 Qd5) 20. Qxe6+ Kg7 {[%emt 0:00:10] [#]} 21. Qf7+ $1 Kh8 22. Bh6 Ne8 {[%emt 0:07:41] [#]} 23. Bh3 $2 (23. Bg5 $1 $18 Nc6 (23... Bxg5 24. Qf8#) 24. Nxc6 Bxc6 25. Bxe7) 23... Bd5 24. Be6 Bxe6 25. Qxe6 Nd6 26. Nxg6+ hxg6 27. Qe5+ Bf6 28. Qxf6+ Kh7 29. Bf4 {[%emt 0:04:11] [#]} Nc6 $1 30. Qh4+ Kg8 31. d5 {[%emt 0:00:25] [#]} (31. Qg5 $17 {is a better defense.}) 31... Na5 $1 32. Be5 Qh7 33. Qf6 {[%emt 0:00:02] [#]} Nab7 $1 34. f3 $2 (34. Qe6+ Kf8 35. a3) 34... Rf8 35. Qe6+ Nf7 36. Bf4 exf3 37. d6 Nc5 38. Qxc4 Qh3 39. Rd2 Ne6 40. Rf1 Nxf4 41. Qxf4 Qf5 $2 (41... Rad8 $19 42. Qxf3 Nxd6) 42. Rxf3 $2 {[%emt 0:01:34] [#]} (42. Qxf5 $15 gxf5 43. d7) 42... Qxf4 (42... Ne5 $1 $19 {[%cal Re5f3] has better winning chances.} 43. Qxf5 Nxf3+ 44. Qxf3 Rxf3) 43. Rxf4 Rad8 (43... Ne5 $17 44. Rdf2 Rxf4 45. Rxf4 Rd8 46. Rxb4 Rxd6) 44. Rxb4 a5 45. Rb5 Rxd6 46. Rxd6 Nxd6 47. Rxa5 Nc4 48. Rb5 Ne3 49. h4 Rf1+ 50. Kh2 Rf2+ 51. Kh3 Rf1 52. g4 Rf3+ 53. Kh2 Nxg4+ 54. Kg2 Rf6 55. a4 Ne3+ 56. Kg3 Nf5+ 57. Kg4 Nd4 58. Kg5 Ra6 59. Rb8+ Kg7 60. Rb7+ Kf8 61. Rb4 Nf3+ 62. Kg4 Ne5+ 63. Kg3 Kg7 64. b3 Kh6 65. Rb5 Nc6 66. Kf4 Nd4 67. Rb4 Nf5 68. Kg4 Rf6 69. Re4 Nd6 70. Re5 (70. Rf4 $5 Nf5 71. a5 $11) 70... Rf1 71. Rd5 (71. a5 $11) 71... Nf5 72. Rb5 Rh1 73. Rb8 Rxh4+ 74. Kf3 {[%emt 0:00:01] [#]} Nd4+ $1 75. Kg3 Re4 76. Kf2 $19 Re2+ 77. Kf1 Ra2 78. Rb4 Nc2 79. Rb5 Ra3 80. a5 Nd4 81. Rb4 Nxb3 82. a6 Nc5 0-1

[Event "25th Troya Open 2017"]
[Site "Canakkale"]
[Date "2017.08.09"]
[Round "5.8"]
[White "Sahin, Handenur"]
[Black "Tarlabasi, Emirhan"]
[Result "1/2-1/2"]
[ECO "C09"]
[WhiteElo "1910"]
[BlackElo "2036"]
[Annotator "NA"]
[PlyCount "38"]
[EventCountry "TUR"]
[SourceTitle "playchess.com"]
[Source "ChessBase"]
[SourceQuality "1"]
[TimeControl "5400+30"]

1. e4 e6 2. d4 d5 3. Nd2 c5 4. exd5 exd5 5. Ngf3 Nc6 6. Bb5 Qe7+ 7. Qe2 {[%emt 0:00:30] C09: French Tarrasch: 3...c5 4 exd5 exd5 5 Ngf3 Nc6} Qxe2+ 8. Kxe2 a6 9. Bxc6+ bxc6 10. dxc5 Bxc5 11. Nb3 Bd6 12. Be3 Nf6 $146 ({Predecessor:} 12... Ne7 13. Bc5 Kd7 14. Ng5 Bf4 15. Nxf7 {½-½ (37) Navara,D (2725)-Fridman,D (2596) Tallinn 2016}) 13. Bc5 Bxc5 (13... Ke7 $5) 14. Nxc5 O-O 15. Nd4 Nd7 16. Nxd7 Bxd7 17. b4 a5 18. a3 a4 (18... c5 $5 19. bxc5 Rac8 $11) 19. Kd2 Rfc8 $14 1/2-1/2

[Event "25th Troya Open 2017"]
[Site "Canakkale"]
[Date "2017.08.09"]
[Round "5.9"]
[White "Vursan, Emre Can"]
[Black "Demirtas, Hafize"]
[Result "1-0"]
[ECO "C41"]
[WhiteElo "1696"]
[BlackElo "1708"]
[Annotator "NA RC"]
[PlyCount "124"]
[EventCountry "TUR"]
[SourceTitle "playchess.com"]
[Source "ChessBase"]
[SourceQuality "1"]
[TimeControl "5400+30"]

1. e4 d6 2. d4 Nf6 3. Nc3 Nbd7 4. Nf3 e5 5. g4 Nxg4 6. Rg1 exd4 7. Qxd4 Nde5 8. Nxe5 Nxe5 9. Be2 h6 10. Be3 Be6 11. O-O-O a6 12. f4 Nc6 13. Qd2 Qh4 14. f5 Bd7 15. Nd5 O-O-O 16. Rg4 Qxh2 17. Nf4 Ne5 18. Bg1 Qh1 19. Qe3 Nxg4 20. Qa7 Bc6 21. Bxg4 Qh4 22. Ne6 fxe6 23. fxe6 b5 24. e7+ Qxg4 25. Qxa6+ Bb7 26. exd8=Q+ Kxd8 27. Qxb7 Be7 28. Qb8+ Qc8 29. Qxb5 Bg5+ 30. Kb1 Qg4 31. Rf1 Re8 32. e5 dxe5 33. a4 Bf6 34. a5 Ke7 35. Bc5+ Kf7 36. Qb3+ Qe6 37. Qb7 Qc8 38. Qc6 Re6 39. Qd5 Qa6 40. Qd7+ Kg8 41. Rf3 e4 42. Rb3 Qc6 43. Rb8+ Kh7 44. Qxc6 Rxc6 45. b4 Bc3 46. Re8 g5 47. Rxe4 h5 48. Be3 Kg6 49. b5 Rd6 50. a6 Rd8 51. Rc4 Be5 52. Rc5 Bf4 53. Bxf4 gxf4 54. Rxc7 f3 55. Rc3 f2 56. Rf3 Rb8 57. c4 Kg5 58. Rxf2 Kg4 59. Rh2 Kf5 60. Rxh5+ Ke6 61. a7 Ra8 62. b6 Kd6 1-0

[Event "25th Troya Open 2017"]
[Site "Canakkale"]
[Date "2017.08.09"]
[Round "5.10"]
[White "Kara, Gulce Nehir"]
[Black "Pektas, Gokdeniz"]
[Result "1/2-1/2"]
[ECO "B33"]
[WhiteElo "1659"]
[BlackElo "1625"]
[Annotator "NA RC"]
[PlyCount "80"]
[EventCountry "TUR"]
[SourceTitle "playchess.com"]
[Source "ChessBase"]
[SourceQuality "1"]
[TimeControl "5400+30"]

1. e4 c5 2. Nf3 Nc6 3. d4 cxd4 4. Nxd4 Nf6 5. Nc3 e5 6. Ndb5 d6 7. Bd3 a6 8. Na3 d5 9. exd5 Nxd5 10. Nxd5 Qxd5 11. O-O Bxa3 12. bxa3 Be6 13. c4 Qd4 14. Be3 Qc3 15. Qb3 Qxb3 16. axb3 O-O-O 17. Bc2 Nd4 18. Bxd4 Rxd4 19. Rae1 Rd2 20. Bb1 Rb2 21. b4 Bxc4 22. Rc1 b5 23. Bd3 Rd8 24. Bxc4 bxc4 25. Rxc4+ Kb8 26. Rh4 h6 27. Rg4 g5 28. Re4 f6 29. Rc4 Rc8 30. Rxc8+ Kxc8 31. Rc1+ Kd7 32. g3 Rb3 33. Ra1 Kc6 34. Rc1+ Kb6 35. Rd1 Rc3 36. Rd6+ Rc6 37. Rd5 Kc7 38. Kg2 Rc3 39. Ra5 Kb6 40. Rd5 Rxa3 1/2-1/2

[Event "25th Troya Open 2017"]
[Site "Canakkale"]
[Date "2017.08.09"]
[Round "5.11"]
[White "Kaya, Onur"]
[Black "Konusoglu, Kemal Safa"]
[Result "1/2-1/2"]
[ECO "B25"]
[WhiteElo "1633"]
[BlackElo "1555"]
[Annotator "NA RC"]
[PlyCount "47"]
[EventCountry "TUR"]
[SourceTitle "playchess.com"]
[Source "ChessBase"]
[SourceQuality "1"]
[TimeControl "5400+30"]

1. e4 c5 2. Nc3 Nc6 3. g3 g6 4. Bg2 Bg7 5. d3 e6 6. f4 Nge7 7. Nf3 d6 8. O-O O-O 9. Kh1 b6 10. Ne2 Bb7 11. c3 Rc8 12. g4 f5 13. gxf5 gxf5 14. Ng3 Qd7 15. Nh5 Ng6 16. Nxg7 Kxg7 17. Ng5 h6 18. exf5 exf5 19. Nf3 Rfe8 20. Bd2 Ba6 21. c4 Kh7 22. h4 Nd4 23. h5 Ne7 24. Ng5+ 1/2-1/2

[Event "25th Troya Open 2017"]
[Site "Canakkale"]
[Date "2017.08.09"]
[Round "5.12"]
[White "Erdal, Kerem"]
[Black "Zaimov, Berk"]
[Result "1/2-1/2"]
[ECO "B13"]
[WhiteElo "1579"]
[BlackElo "1544"]
[Annotator "NA RC"]
[PlyCount "69"]
[EventCountry "TUR"]
[SourceTitle "playchess.com"]
[Source "ChessBase"]
[SourceQuality "1"]
[TimeControl "5400+30"]

1. e4 c6 2. d4 d5 3. exd5 cxd5 4. Nf3 Nf6 5. c4 Bf5 6. Nc3 e6 7. Bg5 Be7 8. Bxf6 Bxf6 9. cxd5 exd5 10. Qb3 Qe7+ 11. Be2 Be6 12. Nxd5 Bxd5 13. Qxd5 Qb4+ 14. Nd2 O-O 15. Qb5 Qxb5 16. Bxb5 Bxd4 17. O-O Bxb2 18. Rab1 Bd4 19. Bc4 Bb6 20. Ne4 Nc6 21. Nd6 Na5 22. Be2 g6 23. Bf3 Rab8 24. Ne4 Rfd8 25. Nf6+ Kg7 26. Nd5 Bc5 27. Rfc1 b6 28. g3 Rbc8 29. Kg2 Nc6 30. Nc3 Ne5 31. Ne4 Nxf3 32. Kxf3 Ba3 33. Rxc8 Rf8 34. Rb3 Be7 35. Rd3 1/2-1/2